 Dungeon Crawl Stone Soup version 0.30.0-19-g36f170ea60 (webtiles) character file.

Game seed: 12791518501319778918

5381 EC1 the Covered (level 10, -3/83 HPs)
             Began as a Ghoul Gladiator on May 26, 2023.
             Was a Priest of Cheibriados.
             Slain by an orc warrior
             ... wielding a +0 dire flail
              (5 damage)
             ... on level 1 of the Orcish Mines.
             The game lasted 00:47:21 (11723 turns).

EC1 the Covered (Ghoul Gladiator)                  Turns: 11723, Time: 00:47:22

Health: -3/83      AC: 17    Str: 27    XL:     10   Next: 66%
Magic:  9/9        EV: 13    Int: 17    God:    Cheibriados [***...]
Gold:   361        SH:  5    Dex: 22    Spells: 9/9 levels left

rFire   . . .        l - +4 war axe (freeze)
rCold   + + +        (no shield)
rNeg    + + +        x - +0 ice dragon scales
rPois   ∞            b - +1 helmet
rElec   .            e - +0 cloak
rCorr   .            k - +0 pair of gloves
SInv    .            j - +0 pair of boots
Will    .....        C - amulet of reflection
Stlth   +            D - +6 ring of intelligence
HPRegen 0.00/turn    h - ring of protection from fire
MPRegen 0.11/turn

%: reflection
@: brilliant, inhibited regen, very slow
A: claws 1, cold resistance 1, negative energy resistance 3, inhibited
regeneration, torment resistance 2, devour on kill
a: Renounce Religion, Bend Time, Temporal Distortion


You were on level 1 of the Orcish Mines.
You worshipped Cheibriados.
Cheibriados was most pleased with you.
You visited 2 branches of the dungeon, and saw 11 of its levels.

You collected 473 gold pieces.
You spent 112 gold pieces at shops.

Inventory:

Hand Weapons
 f - a +3 short sword of venom
 l - a +4 war axe of freezing (weapon)
 u - a +2 trident of venom
 A - a +0 shortbow
Missiles
 q - 12 boomerangs (quivered)
 y - 2 atropa-tipped darts
 z - 3 datura-tipped darts
 B - 15 poisoned darts
 G - 4 javelins
Armour
 b - a +1 helmet (worn)
 d - a +2 leather armour of fire resistance
 e - a +0 cloak (worn)
 j - a +0 pair of boots (worn)
 k - a +0 pair of gloves (worn)
 x - +0 ice dragon scales (worn)
Jewellery
 g - a ring of positive energy
 h - a ring of protection from fire (right hand)
 n - an amulet of faith
 C - an amulet of reflection (around neck)
 D - a +6 ring of intelligence (left hand)
Wands
 m - a wand of paralysis (7)
 o - a wand of flame (11)
 t - a wand of mindburst (4)
 I - a wand of polymorph (5)
Scrolls
 i - 4 scrolls of identify
 p - 2 scrolls of blinking
 s - 4 scrolls of teleportation
 F - a scroll of fog
Potions
 a - 4 potions of curing
 c - a potion of brilliance
 v - 2 potions of attraction
 w - a potion of lignification
 H - 2 potions of might


   Skills:
 + Level 6.1 Fighting
 + Level 6.1 Short Blades
 + Level 1.4(3.9) Axes
 + Level 5.8(5.9) Polearms
 + Level 0.1 Ranged Weapons
 + Level 3.5 Throwing
 + Level 6.3 Armour
 + Level 5.2 Dodging
 + Level 2.7 Stealth
 + Level 4.1 Shields
 + Level 3.7 Unarmed Combat
 + Level 1.1 Evocations


You had 9 spell levels left.
You didn't know any spells.
Your spell library contained the following spells:

 Spells                   Type           Power      Damage    Failure   Level
 Freeze                   Ice            0%         1d3       50%         1
 Blink                    Tloc           0%         N/A       65%         2
 Call Canine Familiar     Summ           0%         N/A       86%         3
 Frozen Ramparts          Ice            0%         1d1       86%         3
 Hailstorm                Conj/Ice       0%         3d3       86%         3
 Ignite Poison            Fire/Tmut/Pois 0%         N/A       86%         3
 Portal Projectile        Hex/Tloc       0%         N/A       86%         3
 Leda's Liquefaction      Hex/Erth       0%         N/A       99%         4
 Manifold Assault         Tloc           0%         N/A       99%         4
 Sticky Flame             Conj/Fire      0%         2d3       99%         4
 Summon Lightning Spire   Summ/Air       0%         N/A       99%         4
 Ignition                 Fire           0%         3d3       100%        8
 Maxwell's Capacitive Co  Air            0%         ∞         100%        8
 Storm Form               Tmut/Air       Unusable   N/A       N/A         7

Dungeon Overview and Level Annotations

Branches:
Dungeon (10/15)            Temple (0/1) D:6             Orc (1/2) D:10
   Lair: D:8-11

Altars:
Ashenzari
Cheibriados
Dithmenos
Fedhas
Hepliaklqana
Nemelex Xobeh
Qazlal
Sif Muna
Uskayaw
Vehumet
Yredelemnul

Shops:
D:7 *?

Annotations:
D:5 1 runed translucent door, glacial86's ghost, novice DrAr


Innate Abilities, Weirdness & Mutations

You are immune to poison.
You have sharp fingernails.
Your flesh is cold resistant. (rC+)
You are immune to negative energy. (rN+++)
You do not regenerate when monsters are visible.
You are immune to unholy pain and torment.
You thrive by killing the living.


Message History

The boomerang hits the orc warrior but does no damage.
The orc warrior is moderately wounded.
The orc warrior throws a boomerang.
The boomerang hits you.
* * * LOW HITPOINT WARNING * * *
An orc warrior comes into view. It is wielding a +0 mace.
The orc warrior throws a boomerang.
The boomerang barely misses you.
The orc warrior shouts!
The orc hits you but does no damage. The orc warrior barely misses you.
You block the orc's attack.
The orc warrior hits you but does no damage.
You barely miss the orc warrior.
The orc warrior is moderately wounded.
You barely miss the orc. The orc hits you but does no damage.
The orc warrior hits you with a +0 dire flail.
* * * LOW HITPOINT WARNING * * *
You hit the orc warrior but do no damage.
The orc warrior is moderately wounded.
You slash the orc! You freeze the orc.
You kill the orc!
Cheibriados appreciates the change of pace.
You feel better. The orc warrior misses you. The orc warrior barely misses you.
You closely miss the orc warrior.
The orc warrior is moderately wounded.
You hit the orc warrior. You freeze the orc warrior.
The orc warrior hits you but does no damage.
You block the orc warrior's attack.
You closely miss the orc warrior.
The orc warrior is moderately wounded.
You hit the orc warrior. You freeze the orc warrior.
The orc warrior closely misses you. The orc warrior misses you.
You hit the orc warrior. You freeze the orc warrior.
The orc warrior is heavily wounded.
You hit the orc warrior but do no damage.
The orc warrior misses you.
The orc warrior hits you with a +0 dire flail!
* * * LOW HITPOINT WARNING * * *
The orc warrior hits you with a +0 mace.
* * * LOW HITPOINT WARNING * * *
The orc warrior hits you with a +0 dire flail.
You die...

............
.........# ......$.#
.....><## .......#
.......## ........##
### ..#.....o####
###.##
.#........b.###o@..##
.........#.##..o....#
.#.........#)...##.##
.....o.....).†..# ##
...........#.#.##
..........######
.......o.. #.....#.
##$o...


You could see 2 orc warriors.

Vanquished Creatures
  A hornet (D:7)
  A wyvern (D:8)
  4 yaks (D:7)
  A steam dragon (D:9)
  4 water moccasins
  An orc warrior (D:8)
  3 sky beasts
  3 black bears
  An ogre (Orc:1)
  A centaur (D:7)
  A phantom (D:6)
  2 kobold brigands (D:8)
  4 bullfrogs
  9 scorpions
  4 wights (D:9)
  11 killer bees (D:9)
  2 howler monkeys (D:8)
  4 hounds
  2 jellies
  2 gnoll boudas
  3 iguanas
  5 orc priests
  A sleepcap (D:4)
  11 orc wizards
  22 gnolls
  5 adders
  3 white imps
  An ufetubus (D:6)
  2 worms
  3 dart slugs
  24 orcs
  3 endoplasms
  8 goblins
  2 hobgoblins (D:4)
  7 jackals
  3 quokkas
  5 ball pythons
  7 bats
  3 frilled lizards
  11 kobolds
  5 rats
  2 rat zombies (D:4)
  A spectral orc (D:6)
198 creatures vanquished.

Vanquished Creatures (collateral kills)
  A troll (D:9)
1 creature vanquished.

Grand Total: 199 creatures vanquished

Notes
Turn   | Place    | Note
-------+----------+-------------------------------------------
     0 | D:1      | EC1 the Ghoul Gladiator began the quest for the Orb.
     0 | D:1      | Reached XP level 1. HP: 17/17 MP: 0/0
    77 | D:1      | Reached XP level 2. HP: 25/25 MP: 1/1
    93 | D:1      | You fall into a shaft and drop 1 floor!
   359 | D:2      | Reached XP level 3. HP: 23/30 MP: 2/2
  1055 | D:3      | Reached XP level 4. HP: 37/37 MP: 3/3
  1061 | D:3      | Reached skill level 1 in Armour
  1402 | D:4      | Found a sand-covered staircase.
  1456 | D:4      | Reached skill level 1 in Short Blades
  1502 | D:4      | Reached XP level 5. HP: 42/42 MP: 4/4
  1609 | D:4      | Reached skill level 1 in Stealth
  1912 | D:4      | Reached XP level 6. HP: 46/51 MP: 5/5
  2229 | D:5      | Entered Level 5 of the Dungeon
  2374 | D:5      | Noticed a water moccasin
  2390 | D:5      | Killed a water moccasin
  2391 | D:5      | Reached skill level 1 in Polearms
  2391 | D:5      | Reached XP level 7. HP: 53/57 MP: 6/6
  2405 | D:5      | Found a runed translucent door.
  2405 | D:5      | Noticed glacial86's ghost (novice DrAr)
  2541 | D:5      | Found a basalt altar of Yredelemnul.
  3267 | D:6      | Reached XP level 8. HP: 62/66 MP: 7/7
  7726 | D:6      | Found a snail-covered altar of Cheibriados.
  7729 | D:6      | Found a radiant altar of Vehumet.
  7753 | D:6      | Found a stormy altar of Qazlal.
  7800 | D:6      | Found a blossoming altar of Fedhas.
  7801 | D:6      | Found a shimmering blue altar of Sif Muna.
  7823 | D:6      | Found a shadowy altar of Dithmenos.
  7825 | D:6      | Found a sparkling altar of Nemelex Xobeh.
  7828 | D:6      | Found a broken altar of Ashenzari.
  7855 | D:6      | Became a worshipper of Cheibriados the Contemplative
  7925 | D:6      | Found a hazy altar of Hepliaklqana.
  7960 | D:6      | Found a hide-covered altar of Uskayaw.
  7974 | D:6      | Found a staircase to the Ecumenical Temple.
  8458 | D:6      | Reached skill level 5 in Polearms
  8845 | D:7      | Reached XP level 9. HP: 61/72 MP: 8/8
  8943 | D:7      | Reached * piety under Cheibriados
  8944 | D:7      | Reached skill level 1 in Shields
  8952 | D:7      | Reached skill level 5 in Armour
  9095 | D:7      | Noticed a hornet
  9117 | D:7      | Killed a hornet
  9268 | D:7      | Found Igenaece's Magic Scroll Shop.
  9280 | D:7      | Reached skill level 5 in Fighting
  9287 | D:7      | Bought a scroll of enchant weapon for 112 gold pieces
  9332 | D:7      | Found Vumu's Elemental Accessories.
  9619 | D:7      | Reached skill level 5 in Short Blades
  9886 | D:8      | Reached XP level 10. HP: 35/81 MP: 9/9
  9893 | D:8      | Reached ** piety under Cheibriados
 10105 | D:8      | Reached skill level 1 in Evocations
 10356 | D:8      | Reached skill level 5 in Dodging
 10949 | D:9      | Reached *** piety under Cheibriados
 11502 | D:10     | Entered Level 10 of the Dungeon
 11671 | D:10     | Found a staircase to the Orcish Mines.
 11677 | Orc:1    | Entered Level 1 of the Orcish Mines
 11695 | Orc:1    | Reached skill level 1 in Axes
 11723 | Orc:1    | HP: 2/83 [orc warrior/+0 mace (3)]
 11723 | Orc:1    | Slain by an orc warrior

Illustrated notes

Levels and vault maps discovered:
D:1:      dpeg_arrival_tiny_c, layout_basic, serial_bayou, serial_bayou_pond_a,
          serial_bayou_lake_a, serial_bayou_pond_e, serial_bayou_shore_b,
          hangedman_decor_clover_reticule, interstate_on_off,
          hangedman_glass_teeth, minmay_crystal_room, minmay_pentomino_z2
D:2:      layout_basic, chequers_serial_rivers_micro_d
D:3:      minmay_spotlight, layout_rooms
D:4:      layout_loops_ring, enter_ossuary_4, kennysheep_flooded_box,
          dk_noncrumbling_4
D:5:      layout_basic, mainiacjoe_overflow_24_doors,
          hellmonk_ghost_happy_afterlife, cheibrodos_gnoll_hut
D:6:      kb_forest_paths, layout_basic, overflow_temple_1_default,
          nicolae_overflow_hallway_of_the_gods,
          nicolae_hepliaklqana_monster_ancestors, minmay_temple_entry_overgrown,
          hangedman_decor_peaks_small, minmay_a_box_with_orc_wizards_in_it
D:7:      nicolae_cairo_tiling_large, layout_rooms, serial_shops, shop,
          nicolae_elemental_shop
D:8:      layout_basic
D:9:      layout_long_grid, mainiacjoe_overflow_six_doors_small
D:10:     lemuel_insect_pit, layout_long_grid, mainiacjoe_overflow_alcove_4,
          orc_0_dummy, skrybe_limestone_x
Orc:1:    layout_caves, serial_shops, shop, roderic_batcave

Skill      XL: |  1  2  3  4  5  6  7  8  9 10 |
---------------+-------------------------------+-----
Dodging        | 3 4 5 |  5.2
Armour         | 1 2 3 4 5 6 |  6.3
Short Blades   | 1 2 3 5 6 |  6.1
Stealth        | 1 2 |  2.7
Fighting       | 3 4 5 6 |  6.1
Throwing       | 2 3 |  3.5
Polearms       | 1 3 5 |  5.8
Shields        | 2 4 |  4.1
Evocations     | 1 |  1.1
Axes           | 1 |  1.4
Ranged Weapons | |  0.1
Unarmed Combat | |  3.7

Action                     |  1- 3 |  4- 6 |  7- 9 | 10-12 || total
---------------------------+-------+-------+-------+-------++-------
  Melee: Unarmed           |    11 |       |       |       ||    11
         Short sword       |    89 |    76 |   212 |   180 ||   557
         Punch             |     4 |     5 |    13 |     2 ||    24
         Trident           |       |   108 |   185 |       ||   293
         War axe           |       |       |       |    35 ||    35
   Fire: Shortbow          |       |       |       |     3 ||     3
  Throw: Throwing net      |     3 |     1 |     1 |       ||     5
         Boomerang         |       |     2 |     5 |    58 ||    65
         Javelin           |       |     1 |     2 |       ||     3
  Evoke: Wand              |       |       |     7 |       ||     7
    Use: Potion            |     5 |     1 |     5 |     1 ||    12
         Scroll            |     5 |       |     9 |     7 ||    21
   Stab: Held in net/web   |     2 |     1 |     1 |       ||     4
 Armour: Leather armour    |    10 |       |       |       ||    10
         Skin              |     3 |       |       |       ||     3
         Ring mail         |    29 |       |       |       ||    29
         Chain mail        |       |    62 |   235 |       ||   297
         Ice dragon scales |       |       |    48 |   137 ||   185
  Dodge: Dodged            |    79 |    66 |   211 |   166 ||   522
  Block: Other             |       |       |    62 |    69 ||   131
         Reflection        |       |       |       |     1 ||     1
